Map: Frost LE

Players

EloCXXVII

  • Race: Terran Terran
  • League: Silver
  • Spawn Location: 1:00

Fropez - Winner!

  • Race: Protoss Protoss
  • League: Gold
  • Spawn Location: 7:00

VOD

Have the link to the VOD?

Description

Time

  • Played on: Oct. 19, 2016, 12:29 p.m.
  • Length: 10:43
Show
View Real Time Build Order
Export as new Build Order

EloCXXVII Terran 

Build Orders:  

Get SALT Encoding   

  12  0:01  SCV  
  13  0:13  SCV  
  14  0:19  Supply Depot  
  14  0:25  SCV  
  15  0:35  Refinery  
  15  0:40  SCV  
  16  0:48  Barracks  
  16  0:55  SCV  
  17  1:02  Supply Depot  
  17  1:08  SCV  
  18  1:20  SCV  
  19  1:29  Barracks  
  20  1:36  Orbital Command  
  20  1:38  Marine  
  20  1:59  Refinery  
  20  2:05  SCV, Barracks  
  22  2:18  SCV  
  22  2:22  Factory  
  23  2:35  SCV  
  25  2:40  Reaper  
  25  2:41  Reaper  
  25  2:47  SCV  
  25  2:48  Supply Depot  
  26  2:53  Reaper  
  27  2:59  SCV  
  27  3:03  Factory  
  28  3:14  Factory Tech Lab  
  27  3:30  Marine x2  
  27  3:32  Barracks Tech Lab  
  29  3:36  SCV  
  30  3:41  Command Center  
  30  3:45  Siege Tank  
  33  3:48  SCV  
  33  3:51  Marine  
  35  3:55  Factory Tech Lab  
  35  4:01  Supply Depot  
  35  4:02  SCV  
  36  4:27  Siege Tank, Supply Depot  
  36  4:30  Siege Tank  
  42  4:37  Marine x2  
  42  4:38  Marauder  
  46  4:42  SCV  
  47  4:53  Starport  
  47  4:55  SCV  
  48  5:03  Refinery  
  48  5:06  Marine  
  49  5:07  Barracks Reactor  
  49  5:08  Marauder  
  49  5:10  Refinery  
  51  5:24  Marine  
  51  5:41  SCV x2  
  51  5:53  Marine x3  
  47  6:13  SCV x2  
  47  6:18  Marine x2  
  51  6:25  SCV  
  52  6:30  Orbital Command  
  52  6:36  Starport Reactor  
  52  6:40  Siege Tank  
  52  6:43  SCV, Supply Depot  
  56  6:48  Marine  
  56  6:49  Marine  
  58  7:01  Marine  
  58  7:02  Marauder  
  58  7:04  SCV  
  58  7:05  SCV  
  40  7:37  SCV  
  41  7:49  SCV  
  41  7:50  Marine x2  
  41  7:51  Marine x2  
  38  7:58  Orbital Command  
  36  8:08  Marine x3  
  39  8:18  Command Center  
  39  8:19  Marine  
  40  8:26  Marine x3  
  40  8:28  Orbital Command  
  34  8:58  SCV  
  34  9:01  SCV  
  36  9:10  SCV  
  36  9:22  SCV  
  37  9:24  SCV  
  38  9:33  Command Center  
  38  9:34  SCV  
  38  9:36  Widow Mine x2  
  42  9:55  Marine  
  42  9:56  Marine x2  
  42  9:57  Marauder  
  34  10:12  SCV x2  
  34  10:13  Marine x2  
  44  10:15  Marine  
  44  10:18  Marauder  
Show
View Real Time Build Order
Export as new Build Order

Fropez Protoss - Winner!

Build Orders:  

Get SALT Encoding   

  12  0:01  Probe (Chrono Boost)  
  13  0:14  Pylon  
  13  0:23  Probe (Chrono Boost)  
  14  0:34  Probe (Chrono Boost)  
  15  0:37  Gateway  
  15  0:44  Probe (Chrono Boost)  
  15  0:46  Assimilator  
  16  0:55  Probe (Chrono Boost)  
  17  1:05  Probe (Chrono Boost)  
  18  1:17  Probe (Chrono Boost)  
  19  1:45  Nexus  
  19  1:49  Pylon, Probe (Chrono Boost)  
  19  1:50  Pylon  
  20  2:00  Probe (Chrono Boost), Cybernetics Core  
  21  2:10  Probe (Chrono Boost)  
  22  2:18  Gateway  
  22  2:21  Probe (Chrono Boost)  
  23  2:25  Gateway  
  23  2:34  Probe (Chrono Boost)  
  23  2:36  Pylon  
  24  2:37  Assimilator, Warp Gate (Chrono Boost)  
  24  2:42  Adept  
  26  2:46  Probe  
  27  2:57  Probe  
  27  2:58  Probe  
  29  3:09  Adept  
  29  3:10  Pylon  
  31  3:15  Probe  
  32  3:21  Gateway, Mothership Core  
  32  3:23  Gateway  
  34  3:29  Probe, Assimilator  
  35  3:38  Adept (Chrono Boost)  
  35  3:54  Pylon  
  35  4:03  Probe  
  35  4:06  Adept (Chrono Boost)  
  38  4:34  Probe  
  38  4:35  Probe  
  40  4:43  Twilight Council  
  40  4:44  Probe  
  40  4:45  Gateway  
  40  4:52  Adept x3  
  47  4:57  Probe  
  47  4:58  Gateway  
  48  5:07  Probe  
  48  5:11  Pylon  
  48  5:14  Probe, Assimilator  
  50  5:18  Probe  
  51  5:26  Probe  
  51  5:36  Adept x3  
  56  5:55  Resonating Glaives (Chrono Boost)  
  56  6:02  Dark Shrine  
  56  6:03  Adept x2  
  56  6:04  Adept x2  
  58  6:19  Adept  
  60  6:27  Adept x4  
  68  6:35  Probe, Gateway  
  68  6:36  Probe  
  70  6:43  Pylon  
  70  6:51  Pylon, Robotics Facility  
  70  6:52  Adept x2  
  74  6:58  Adept x2  
  74  6:59  Gateway  
  78  7:02  Gateway  
  74  7:38  Dark Templar x4  
  74  7:39  Dark Templar  
  84  7:44  Probe x2  
  84  7:46  Warp Prism  
  56  8:56  Nexus  
  56  8:59  Pylon  
  56  9:00  Pylon  
  56  9:02  Stalker x5  
  66  9:21  Probe  
  66  9:22  Probe  
  68  9:31  Adept x5, Probe  
  70  9:32  Adept x2  
  70  9:34  Probe  
  75  10:18  Dark Templar x2  
  75  10:19  Dark Templar x2  
  83  10:28  Gateway  
  81  10:30  Gateway  
  81  10:31  Adept x4  
Tags
 
Matchup
PvT
Replay Pack
All Mines
Spawn Locations
Cross Positions
Add a new tag
Caveats
  • Supply blocks, unpowered buildings, or Contaminate may cause inaccurate times.
  • Supply counts are checked every 10 seconds.